AoeStats
← Malik Bhai

Arena

507620075Analyzed
1v1 RM · 13d ago on Sep 19, 2026· 43m 34s· 2 players
Game mode
Random Map
Map size
Tiny (2 player)
Population
200
Speed
Normal
Resources
Standard
Victory
Conquest
Starting age
Dark Age
Ending age
Imperial Age
RankedLock teamsTeams togetherTeam positionsShared explorationLock speedFull tech treeHidden civsTurbo modeCheats
Victory
Defeat
🇵🇰 Bohemians · Pakistan
1781
+11
🇧🇷 Saracens · Brazil
1659
-11
GAX | Berserk
11:15 Feudal Age
12:31 Double-Bit Axe
12:55 Horse Collar
15:29 Castle Age
16:32 Bow Saw
23:36 Wheelbarrow
25:38 Gold Mining
29:04 Imperial Age
26:30 Town Watch
27:35 Treadmill Crane
28:29 Loom
29:14 Scale Barding Armor
29:42 Heavy Plow
30:07 Conscription
30:31 Chain Barding Armor
32:09 Forging
33:54 Plate Barding Armor
33:11 Elite Skirmisher
33:42 Fletching
34:14 Ballistics
34:54 Chemistry
34:40 Padded Archer Armor
35:48 Iron Casting
35:09 Bodkin Arrow
36:02 Padded Archer Armor
37:37 Blast Furnace
38:42 Chemistry
37:44 Bracer
38:00 Leather Archer Armor
37:56 Husbandry
39:13 Bloodlines
38:58 Heavy Camel Rider
39:48 Light Cavalry
41:15 Ring Archer Armor
42:35 Hand Cart
43:02 Man-at-Arms
43:42 Squires
43:28 Gambesons
43:44 Scale Mail Armor
Malik Bhai
10:00 Feudal Age
13:59 Castle Age
12:09 Double-Bit Axe
14:48 Horse Collar
15:21 Bow Saw
23:25 Fervor
23:31 Fervor
23:50 Atonement
28:40 Imperial Age
25:57 Loom
26:20 Heavy Plow
26:26 Padded Archer Armor
27:28 Chemistry
27:04 Fletching
28:01 Wheelbarrow
26:57 Crossbowman
28:22 Bodkin Arrow
29:17 Ballistics
29:27 Leather Archer Armor
29:29 Bracer
29:48 Arbalester
32:59 Ring Archer Armor
38:06 Two-Man Saw
37:33 Scale Mail Armor
37:43 Forging
36:54 Pikeman
37:35 Squires
40:34 Chain Mail Armor
40:55 Iron Casting
40:14 Houfnice
41:59 Siege Engineers
42:05 Masonry
Connection lost

Rejoining the realm…

Still unreachable

The connection could not be restored.

Session expired

The server has moved on; the page needs a fresh start.